 Dungeon Crawl Stone Soup version 0.31-a0-233-g139696dc86 (webtiles) character file.

Game seed: 15906597249624402536

43 qw the Shooter (level 3, -1/21 HPs)
             Began as a Gargoyle Hexslinger on July 7, 2023.
             Frozen to death by an endoplasm (3 damage)
             ... on level 2 of the Dungeon.
             The game lasted 00:00:23 (927 turns).

qw the Shooter (Gargoyle Hexslinger)                 Turns: 927, Time: 00:00:23

Health: -1/21      AC:  8    Str: 11    XL:     3   Next: 58%
Magic:  4/4        EV: 10    Int: 13    God:
Gold:   86         SH:  0    Dex: 14    Spells: 3/4 levels left

rFire   . . .        Y - +1 sling
rCold   . . .        (no shield)
rNeg    + . .        j - +0 ring mail
rPois   inf          (no helmet)
rElec   +            (no cloak)
rCorr   .            (no gloves)
SInv    .            (no boots)
Will    .....        (no amulet)
Stlth   +            (no ring)
HPRegen 0.23/turn    (no ring)
MPRegen 0.09/turn

%: no passive effects
@: no status effects
A: sickness immunity, AC +3, negative energy resistance 1, electricity
resistance, torment resistance 1, petrification resistance
a: no special abilities


You were on level 2 of the Dungeon.
You visited 1 branch of the dungeon, and saw 2 of its levels.

You collected 86 gold pieces.


Innate Abilities, Weirdness & Mutations

You are immune to sickness and miasma.
Your stone body is resilient. (AC +3)
You are immune to poison.
You resist negative energy. (rN+)
You are resistant to electric shocks. (rElec)
You are resistant to unholy torment.
You are immune to petrification.


   Skills:
 - Level 2.3 Fighting
 + Level 3.3 Ranged Weapons
 - Level 1.5 Dodging
 - Level 1.0 Spellcasting
 - Level 2.6 Hexes


You had 3 spell levels left.
You knew the following spells:

 Your Spells              Type           Power      Damage    Failure   Level
a - Slow                  Hex            28%        N/A       22%         1

Your spell library contained the following spells:

 Spells                   Type           Power      Damage    Failure   Level
 Inner Flame              Hex/Fire       4%         N/A       75%         3
 Portal Projectile        Hex/Tloc       8%         N/A       75%         3
 Cause Fear               Hex            3%         N/A       92%         4

Inventory:

Hand Weapons
 Y - a +1 sling (weapon)
Armour
 j - a +0 ring mail (worn)
Jewellery
 g - a ring of ice
Scrolls
 a - a scroll of identify {unknown}
 b - a scroll of fog {unknown}
Potions
 h - a potion of curing
 k - a potion of berserk rage {unknown}
 l - a potion of might {unknown}

Dungeon Overview and Level Annotations

Branches:
Dungeon (2/15)

Altars:


Message History

The adder bites you. The adder bites you but does no damage.
You shoot a sling bullet.
The sling bullet barely misses the adder.
The adder barely misses you. The adder bites you but does no damage.
The worm bites you but does no damage.
You shoot a sling bullet. The sling bullet hits the adder.
The adder is almost dead.
The adder bites you but does no damage. The kobold hits you but does no damage.
The adder bites you but does no damage. The worm bites you but does no damage.
You shoot a sling bullet.
The sling bullet barely misses the adder.
The adder barely misses you. The kobold hits you with a +0 dagger.
The worm barely misses you. The adder closely misses you.
You shoot a sling bullet. The sling bullet hits the adder!
You kill the adder!
The kobold hits you but does no damage. x2
You shoot a sling bullet. The sling bullet hits the worm.
The worm is lightly wounded.
The worm barely misses you. The kobold misses you.
You shoot a sling bullet.
The sling bullet hits the worm but does no damage.
The worm is lightly wounded.
The endoplasm hits you. The kobold hits you with a +0 dagger.
The worm bites you but does no damage. The endoplasm freezes you.
You are frozen.
The kobold closely misses you.
You shoot a sling bullet. The sling bullet hits the worm.
The worm is moderately wounded.
The endoplasm freezes you.
You are frozen.
The kobold hits you with a +0 dagger. The worm bites you.
You shoot a sling bullet. The sling bullet hits the worm.
The worm is heavily wounded.
The endoplasm hits you. The kobold closely misses you.
The worm completely misses you. The endoplasm misses you.
You shoot a sling bullet. The sling bullet hits the worm.
The worm is severely wounded.
The kobold closely misses you. The endoplasm freezes you.
You are frozen.
You die...

.. #. ... #. ....
#. ....##.
.......###
.........# #..wK.#
######## #..%@.#
#......
#....J####....#####
###................
###...##..~...#
##.......~..#
#...#...~..#
#......#.~....#
#.##....[%....# ..
#...........#####


You could see a worm, an endoplasm and a kobold.

Vanquished Creatures
  2 adders (D:2)
  A dart slug (D:1)
  3 bats
  3 endoplasms (D:1)
  3 giant cockroaches (D:1)
  A goblin (D:1)
  A quokka (D:1)
  3 ball pythons
  A frilled lizard (D:2)
  3 kobolds (D:1)
  5 rats
26 creatures vanquished.

Notes
Turn   | Place    | Note
-------+----------+-------------------------------------------
     0 | D:1      | qw the Gargoyle Hexslinger began the quest for the Orb.
     0 | D:1      | Reached XP level 1. HP: 12/12 MP: 2/2
     0 | D:1      | 0 ||| qw: Version: 0.3-a-46-gb1f654a
     0 | D:1      | 0 ||| qw: Game counter: 3210
     0 | D:1      | 0 ||| qw: Melee chars always use a shield: true
     0 | D:1      | 0 ||| qw: God list: Okawaru
     0 | D:1      | 0 ||| qw: Allow faded altars: false
     0 | D:1      | 0 ||| qw: Do Orc after clearing Dungeon:15 true
     0 | D:1      | 0 ||| qw: Do second Lair branch before Depths: true
     0 | D:1      | 0 ||| qw: Lair rune preference: random
     0 | D:1      | 0 ||| qw: Goals: Normal
     0 | D:1      | 0 ||| PLANNING D:1-11
    97 | D:1      | Reached XP level 2. HP: 16/16 MP: 3/3
   345 | D:1      | Reached skill level 3 in Ranged Weapons
   599 | D:1      | Found a faded altar of an unknown god.
   668 | D:1      | 668 ||| UPGRADING to +0 leather armour.
   678 | D:1      | 678 ||| DROPPING +0 robe.
   679 | D:1      | 679 ||| UPGRADING to +0 ring mail.
   689 | D:1      | 689 ||| DROPPING +0 leather armour.
   690 | D:1      | 690 ||| READING scroll labelled DOTIGI WUNYVO.
   691 | D:1      | 691 ||| READING scroll labelled DITUEC POOMU.
   692 | D:1      | 692 ||| DRINKING 2 viscous yellow potions.
   693 | D:1      | 693 ||| DRINKING 2 fuming cyan potions.
   694 | D:1      | 694 ||| DROPPING scroll of poison.
   695 | D:1      | 695 ||| DROPPING potion of invisibility.
   805 | D:2      | Reached XP level 3. HP: 21/21 MP: 4/4
   925 | D:2      | HP: 2/21 [worm (4)]
   927 | D:2      | Frozen to death by an endoplasm

Levels and vault maps discovered:
D:1:      saegor_arrival_simple_e, layout_rooms,
          shapermc_ecumenical_altar_petra, serial_bayou, serial_bayou_shore_a,
          serial_bayou_pond_c, serial_bayou_shore_b, serial_bayou_shore_b,
          serial_bayou_lagoon_a
D:2:      layout_basic, serial_rivers, chequers_serial_rivers_micro_b,
          chequers_serial_rivers_micro_c, chequers_serial_rivers_micro_c,
          chequers_serial_rivers_marsh, chequers_serial_rivers_micro_b,
          chequers_serial_rivers_marsh, uniq_natasha

Skill      XL: |  1  2  3 |
---------------+----------+-----
Ranged Weapons | 3 |  3.3
Fighting       | 2 |  2.3
Dodging        | |  1.5
Spellcasting   | |  1.0
Hexes          | |  2.6

Action                     || total
---------------------------++-------
   Fire: Sling             ||    86
    Use: Scroll            ||     2
         Potion            ||     2
 Armour: Robe              ||     4
         Ring mail         ||    17
  Dodge: Dodged            ||    25

Table legend:
 A = Non-vault XP
 B = Vault XP
 C = Vault XP percentage of total XP
 D = Non-vault monster count
 E = Vault monster count
 F = Vault count percentage of total count
                 A         B        C        D         E       F
            +---------+---------+-------+---------+---------+-------
      Total |      62 |       0 |   0.0 |      26 |       0 |   0.0
            +---------+---------+-------+---------+---------+-------
        D:1 |      31 |       0 |   0.0 |      19 |       0 |   0.0
        D:2 |      31 |       0 |   0.0 |       7 |       0 |   0.0
            +---------+---------+-------+---------+---------+-------
